 Dungeon Crawl Stone Soup version 0.29.1-12-g30fa7ad0bf (webtiles) character file.

Game seed: 18033176628555508195

1156 ThatPearl the Digger (level 7, 0/60 HPs)
             Began as a Demigod Earth Elementalist on Jan 8, 2023.
             Slain by an unseen horror (5 damage)
             ... on level 6 of the Dungeon on Jan 9, 2023.
             The game lasted 00:19:14 (3947 turns).

ThatPearl the Digger (Demigod Earth Elementalist)   Turns: 3947, Time: 00:19:14

Health: 0/60       AC:  3    Str:  9    XL:     7   Next: 94%
Magic:  6/17       EV: 13    Int: 25    God:
Gold:   329        SH:  0    Dex: 14    Spells: 5/15 levels left

rFire   + . .      SeeInvis .   z - +1 rapier (holy)
rCold   + . .      Faith    .   (no shield)
rNeg    . . .      Spirit   .   a - +0 robe
rPois   +          Reflect  .   (no helmet)
rElec   +          Harm     .   (no cloak)
rCorr   +          Rampage  .   n - +0 pair of gloves
Will    .....                   (no boots)
Stlth   ++........              d - amulet of regeneration
HPRegen 1.00/turn               (no ring)
MPRegen 0.15/turn               (no ring)

@: resistant
A: high MP 1, forlorn, divine attributes
a: no special abilities


You were on level 6 of the Dungeon.
You visited 1 branch of the dungeon, and saw 6 of its levels.

You collected 329 gold pieces.

Inventory:

Hand Weapons
 h - a +0 dagger
 i - a +0 dagger
 z - a +1 rapier of holy wrath (weapon)
 A - a +0 spear of pain
Missiles
 c - 44 stones
 r - 2 throwing nets
Armour
 a - a +0 robe (worn)
 n - a +0 pair of gloves (worn)
Jewellery
 d - an amulet of regeneration (around neck)
 k - the ring of Elyvilon's Castigation {rC+ rN+ rCorr Str-5 SInv}
   (You found it on level 2 of the Dungeon)

   [ring of see invisible]

   Str:       It affects your strength (-5).
   rC:        It protects you from cold.
   rN:        It protects you from negative energy.
   SInv:      It lets you see invisible.
   rCorr:     It protects you from acid and corrosion.
 p - a +6 ring of intelligence
 B - a ring of willpower
 G - a ring of protection from fire
Wands
 x - a wand of charming (8)
 y - a wand of digging (5)
Scrolls
 e - 2 scrolls of identify {unknown}
 f - 3 scrolls of enchant weapon {unknown}
 g - a scroll of brand weapon {unknown}
 j - a scroll of immolation {unknown}
 m - 2 scrolls of poison {unknown}
 o - a scroll of amnesia {unknown}
 s - 2 scrolls of vulnerability {unknown}
 u - a scroll of enchant armour {unknown}
 v - 4 scrolls of teleportation {unknown}
 E - a scroll of fear {unknown}
 H - a scroll of butterflies {unknown}
Potions
 b - 3 potions of magic
 l - a potion of attraction {unknown}
 t - a potion of resistance
 w - 5 potions of mutation {unknown}
 C - a potion of cancellation {unknown}
 D - a potion of invisibility {unknown}
 F - a potion of might {unknown}


   Skills:
 * Level 4.3 Fighting
 + Level 3.1 Dodging
 - Level 1.7 Stealth
 * Level 4.5 Spellcasting
 * Level 3.7 Transmutations
 + Level 4.5 Earth Magic


You had 5 spell levels left.
You knew the following spells:

 Your Spells              Type           Power      Damage    Failure   Level
a - Stone Arrow           Conj/Erth      34%        3d9       11%         3
s - Sandblast             Erth           56%        2d13      1%          1
w - Passwall              Tmut/Erth      21%        N/A       2%          2
y - Petrify               Tmut/Erth      26%        N/A       16%         4

Your spell library contained the following spells:

 Spells                   Type           Power      Damage    Failure   Level
 Slow                     Hex            20%        N/A       9%          1
 Blink                    Tloc           10%        N/A       13%         2
 Confusing Touch          Hex            5%         N/A       26%         3
 Frozen Ramparts          Ice            10%        1d2       26%         3
 Vampiric Draining        Necr           5%         2d6       26%         3
 Ice Form                 Ice/Tmut       15%        N/A       36%         4
 Summon Ice Beast         Ice/Summ       5%         N/A       65%         4
 Manifold Assault         Tloc           5%         N/A       94%         5
 Conjure Ball Lightning   Conj/Air       2%         3x3d6     100%        6
 Storm Form               Tmut/Air       7%         N/A       100%        7
 Discord                  Hex            2%         N/A       100%        8
 Disjunction              Tloc           2%         N/A       100%        8


Dungeon Overview and Level Annotations

Branches:
Dungeon (6/15)             Temple (0/1) D:4

Shops:
D:4 :

Annotations:
D:3 3 runed translucent doors, sweetbreads's ghost, amateur SpEn
D:4 3 runed translucent doors, hawla's ghost, novice MeIE


Innate Abilities, Weirdness & Mutations

You have an increased reservoir of magic. (+10% MP)
You shall have no god before yourself.
Your divine heritage dramatically boosts your attributes as you level up.


Message History

Aiming: Sandblast (safe; 1% risk of failure)
Press: ? - help, Q - select action, (/) - cycle Shift-Dir - straight line, f/p - komodo dragon
Aim: a komodo dragon (87% to hit)
The blast of sand hits the komodo dragon but does no damage.
Something hits you.
* * * LOW HITPOINT WARNING * * *
Something barely misses you. Something hits you!
* * * LOW HITPOINT WARNING * * *
You feel much better. Something hits you.
Aiming: Sandblast (safe; 1% risk of failure)
Press: ? - help, Q - select action, (/) - cycle Shift-Dir - straight line, f/p - komodo dragon
Aim: a komodo dragon (87% to hit)
The blast of sand hits something.
Something hits you. x2
Unknown command.
Aiming: Sandblast (safe; 1% risk of failure)
Press: ? - help, Q - select action, (/) - cycle Shift-Dir - straight line, f/p - komodo dragon
Aim: a komodo dragon (87% to hit)
The blast of sand hits something!
Something hits you! Something hits you.
* * * LOW HITPOINT WARNING * * *
Aiming: Sandblast (safe; 1% risk of failure)
Press: ? - help, Q - select action, (/) - cycle Shift-Dir - straight line, f/p - komodo dragon
Aim: a komodo dragon (87% to hit)
The blast of sand hits something but does no damage.
Something hits you but does no damage. x2; Something hits you.
* * * LOW HITPOINT WARNING * * *
Aiming: Sandblast (safe; 1% risk of failure)
Press: ? - help, Q - select action, (/) - cycle Shift-Dir - straight line, f/p - komodo dragon
Aim: a komodo dragon (87% to hit)
The blast of sand hits the komodo dragon.
The komodo dragon is lightly wounded.
Something hits you but does no damage. Something hits you!
* * * LOW HITPOINT WARNING * * *
It was a potion of resistance.
You feel protected. Something hits you.
* * * LOW HITPOINT WARNING * * *
Something hits you.
You die...

..# ....# .....#
......#### ....l....#
##### ....#†#.#####
#...#
##........######...#
#....####ol{@......#
#...#### ########...#
...#########..........#
#####.........##########
.....<######### #######


You could see a komodo dragon and an orc.

Vanquished Creatures
  An unseen horror (D:6)
  Eustachio (D:4)
  A sky beast (D:5)
  A necrophage (D:2)
  3 scorpions
  2 gnoll boudas (D:5)
  4 iguanas
  An orc wizard (D:4)
  9 gnolls
  6 adders
  2 worms (D:2)
  A dart slug (D:2)
  6 orcs
  4 ball pythons
  9 endoplasms
  4 giant cockroaches
  8 goblins
  8 hobgoblins
  3 quokkas (D:1)
  A bat (D:3)
  A frilled lizard (D:1)
  4 kobolds
  4 rats
84 creatures vanquished.

Notes
Turn   | Place    | Note
-------+----------+-------------------------------------------
     0 | D:1      | ThatPearl the Demigod Earth Elementalist began the quest
                  | for the Orb.
     0 | D:1      | Reached XP level 1. HP: 14/14 MP: 5/5
   562 | D:1      | Reached XP level 2. HP: 22/22 MP: 4/7
   617 | D:1      | Learned a level 2 spell: Passwall
   752 | D:1      | Reached skill level 1 in Fighting
   947 | D:2      | Identified the ring of Elyvilon's Castigation {rC+ rN+
                  | rCorr Str-5 SInv}
  1036 | D:2      | Reached XP level 3. HP: 28/28 MP: 2/9
  1099 | D:2      | Noticed a necrophage
  1108 | D:2      | Learned a level 3 spell: Stone Arrow
  1114 | D:2      | Killed a necrophage
  1115 | D:2      | Reached XP level 4. HP: 27/36 MP: 2/10
  2064 | D:3      | Reached skill level 1 in Transmutations
  2066 | D:3      | Reached XP level 5. HP: 36/42 MP: 5/12
  2074 | D:3      | Learned a level 4 spell: Petrify
  2244 | D:3      | Found a runed translucent gate.
  2244 | D:3      | Found a runed translucent gate.
  2244 | D:3      | Found a runed translucent gate.
  2250 | D:3      | Noticed sweetbreads's ghost (amateur SpEn)
  2547 | D:4      | Found a runed translucent gate.
  2547 | D:4      | Found a runed translucent gate.
  2549 | D:4      | Noticed hawla's ghost (novice MeIE)
  2568 | D:4      | Found a runed translucent gate.
  2666 | D:4      | Noticed Eustachio
  2678 | D:4      | Killed Eustachio
  2679 | D:4      | Reached XP level 6. HP: 50/51 MP: 8/14
  2872 | D:4      | You fall into a shaft and drop 1 floor!
  2872 | D:5      | Entered Level 5 of the Dungeon
  3046 | D:4      | Found a staircase to the Ecumenical Temple.
  3051 | D:4      | Found Xowik's Vocational Training.
  3444 | D:5      | Reached XP level 7. HP: 57/57 MP: 12/16
  3918 | D:6      | Noticed a komodo dragon
  3931 | D:6      | HP: 2/58 [something (1)]
  3939 | D:6      | Killed an unseen horror
  3947 | D:6      | Slain by an unseen horror

Illustrated notes

Levels and vault maps discovered:
D:1:      denvon_arrival_planthouse, layout_basic
D:2:      layout_loops_cross
D:3:      layout_basic, nicolae_gozag_seed_capital, grunt_temple_overflow_open,
          gammafunk_ghost_necromancy
D:4:      layout_rooms, nicolae_vehumet_altar_sigil, minmay_temple_entry_trees,
          ebering_ghost_rock_garden, nicolae_shop_vocational, uniq_eustachio
D:5:      minmay_general_purpose_star, layout_basic, kennysheep_nondescript
D:6:      layout_rooms, nicolae_ashenzari_panopticon, minmay_manual_moon

Skill      XL: |  1  2  3  4  5  6  7 |
---------------+----------------------+-----
Spellcasting   | 2 3 4 |  4.5
Fighting       | 1 2 3 4 |  4.3
Earth Magic    | 3 4 |  4.5
Transmutations | 1 2 3 |  3.7
Dodging        | 2 3 |  3.1
Stealth        | |  1.7

Action                   |  1- 3 |  4- 6 |  7- 9 || total
-------------------------+-------+-------+-------++-------
Melee: Dagger            |       |    18 |       ||    18
       Punch             |       |     1 |       ||     1
       Rapier            |       |     6 |     2 ||     8
 Cast: Sandblast         |    46 |    89 |    26 ||   161
Evoke: Wand              |       |     1 |       ||     1
  Use: Potion            |       |       |     5 ||     5
 Stab: Sleeping          |       |     3 |       ||     3
Armor: Robe              |     2 |     3 |    15 ||    20
Dodge: Dodged            |    11 |    36 |    14 ||    61
